Map: King Sejong Station LE

Players

Has

  • Race: Protoss Protoss

MaNa - Winner!

  • Race: Protoss Protoss

Event: 2016 WCS Summer Circuit Championship (DH Montreal)

VOD

https://youtu.be/ekxPk4Qq2qE?t=26m4s

Description

Time

  • Played on: Aug. 12, 2016, 11:54 a.m.
  • Length: 4:41

All games in this series

Show
View Real Time Build Order
Export as new Build Order

Has Protoss 

Build Orders: 1 Gate Expand, Oracle Opening 

Get SALT Encoding   

  12  0:01  Probe (Chrono Boost)  
  13  0:11  Probe (Chrono Boost)  
  14  0:17  Pylon  
  14  0:22  Probe (Chrono Boost)  
  15  0:35  Probe (Chrono Boost)  
  16  0:37  Gateway  
  16  0:46  Probe (Chrono Boost)  
  17  0:50  Assimilator  
  17  0:56  Probe (Chrono Boost)  
  18  0:59  Assimilator  
  18  1:07  Probe (Chrono Boost)  
  19  1:17  Probe (Chrono Boost)  
  20  1:24  Cybernetics Core  
  20  1:28  Probe (Chrono Boost)  
  21  1:42  Nexus  
  21  1:51  Pylon  
  21  2:00  Mothership Core (Chrono Boost)  
  23  2:17  Stargate  
  23  2:18  Stalker  
  23  2:19  Probe (Chrono Boost)  
  26  2:23  Warp Gate  
  26  2:31  Probe (Chrono Boost)  
  26  2:33  Pylon  
  27  2:44  Probe (Chrono Boost)  
  27  2:45  Stalker  
  29  3:03  Gateway  
  29  3:08  Oracle  
  32  3:14  Stalker  
  34  3:29  Pylon  
  34  3:32  Probe x2 (Chrono Boost)  
  36  3:40  Stalker  
  34  3:58  Oracle  
  37  4:04  Gateway  
  37  4:05  Gateway  
  37  4:11  Pylon  
Show
View Real Time Build Order
Export as new Build Order

MaNa Protoss - Winner!

Build Orders:  

Get SALT Encoding   

  12  0:00  Probe (Chrono Boost)  
  13  0:11  Probe (Chrono Boost)  
  14  0:17  Pylon  
  14  0:22  Probe (Chrono Boost)  
  15  0:36  Probe (Chrono Boost)  
  15  0:37  Gateway  
  16  0:44  Assimilator  
  16  0:46  Probe (Chrono Boost)  
  18  0:57  Probe (Chrono Boost)  
  18  0:58  Assimilator  
  18  1:05  Gateway  
  18  1:07  Probe (Chrono Boost)  
  19  1:18  Probe (Chrono Boost)  
  20  1:25  Cybernetics Core  
  20  1:28  Probe (Chrono Boost)  
  20  1:31  Pylon  
  21  1:39  Probe (Chrono Boost)  
  22  1:49  Probe (Chrono Boost), Warp Gate  
  23  2:02  Stalker x2  
  27  2:15  Pylon  
  27  2:32  Stalker x2  
  27  2:35  Robotics Facility  
  31  2:50  Gateway  
  31  3:02  Stalker x2  
  35  3:09  Pylon  
  35  3:19  Mothership Core (Chrono Boost)  
  37  3:25  Immortal  
  39  3:56  Stalker x2  
  39  4:00  Stalker  
  43  4:20  Stalker x2  
  47  4:26  Pylon  
Tags
 
Add a new tag
Caveats
  • Supply blocks, unpowered buildings, or Contaminate may cause inaccurate times.
  • Supply counts are checked every 10 seconds.